 Dungeon Sprint DCSS version 0.20-a0-640-g62ed22f (webtiles) character file.

0 esc the Skirmisher (level 3, -5/31 HPs)
             Began as a Demonspawn Berserker on Feb 12, 2017.
             Was a Follower of Trog.
             Slain by a soldier ant (12 damage)
             ... in the Dungeon (Sprint VI: "Thunderdome").
             The game lasted 00:02:39 (72 turns).

esc the Skirmisher (Demonspawn Berserker)             Turns: 72, Time: 00:02:40

Health: -5/31      AC:  2    Str: 18    XL:     3   Next: 48%
Magic:  3/3        EV: 13    Int:  8    God:    Trog [*.....]
Gold:   200        SH:  0    Dex: 12    Spells: 2/2 levels left

rFire    . . .     SeeInvis .   a - +0 mace
rCold    . . .     Gourm    .   b - +0 animal skin
rNeg     . . .     Faith    .   (no shield)
rPois    .         Spirit   .   (helmet restricted)
rElec    .         Reflect  .   (no cloak)
rCorr    .         Harm     .   (no gloves)
MR       .....     NoTele   +   (no boots)
Stlth    +.........             (no amulet)
Regen    0.1/turn               (no ring)
MPRegen  0.1/turn               (no ring)

@: lethally poisoned (-5 -> -31), exhausted, hasted and slowed
A: antennae 1
a: Berserk, Burn Spellbooks, Renounce Religion


You were in the Dungeon.
You worshipped Trog.
Trog was aware of your devotion.
You were not hungry.

You visited 1 branch You collected 200 gold pieces.

Inventory:

Hand Weapons
 a - a +0 mace (weapon)
Armour
 b - a +0 animal skin (worn)
Wands
 j - a wand of acid (5/15)
   (You found it in the Dungeon)
 k - a wand of iceblast (5/15)
   (You found it in the Dungeon)
Scrolls
 i - 4 scrolls of blinking {!r}
 l - 3 scrolls of fog
Potions
 e - 4 potions of heal wounds
 f - 3 potions of haste
 g - 2 potions of magic
 h - a potion of berserk rage {!q}
 m - a potion of resistance
Comestibles
 c - a bread ration {@e1}


   Skills:
 + Level 4.4 Fighting
 + Level 4.2 Maces & Flails
 + Level 3.5 Armour
 + Level 3.6 Dodging


You had 2 spell levels left.
You didn't know any spells.

Dungeon Overview and Level Annotations

Branches:
Dungeon (1/1)

Altars:
Cheibriados
Dithmenos
Fedhas
Gozag
Kikubaaqudgha
Makhleb
Okawaru
Qazlal
Ru
Sif Muna
Trog
Uskayaw
Vehumet
Xom
Yredelemnul
Zin
The Shining One
Beogh
Jiyva
Lugonu

Shops:
D ?*?*:[((!!!!


Innate Abilities, Weirdness & Mutations

You have a pair of small antennae on your head.


Message History

Okay, then.
Okay, then.
A red film seems to cover your vision as you go berserk!
You feel yourself moving faster!
You feel mighty!
You feel a lot more hungry. The worker ant bites you!
You now have 20/27 hp.
You sock the worker ant! You barely miss the worker ant.
The worker ant bites you.
You take 2 damage, and have 19/27 hp.
You bludgeon the worker ant!!
You kill the worker ant!
Trog accepts your kill.
Your Fighting skill increases to level 4!
Your Maces & Flails skill increases to level 3!
Your Armour skill gained 2 levels and is now at level 3!
Your Dodging skill gained 2 levels and is now at level 3!
You have reached level 2!
You feel monstrous as your demonic heritage exerts itself.
Your demonic ancestry asserts itself...
A pair of antennae grows on your head!
You regained 7 hp, and now have 26/37 hp.
MP restored: 2 You feel a strong urge to attack something.
You feel your anger subside.
You are no longer berserk.
You are exhausted.
You feel yourself slow down.
You now have 18/25 hp.
There is an entrance to Soodghith's Distillery here.
There is an entrance to Kanemoj's Distillery here.
There is an entrance to Xenkiuc's Bottled Wisdom here.
There is an entrance to Wugg's Do-It-Yourself Clinic here.
Found a roughly hewn altar of Beogh.
Found Saezou's Weapon Rack and Ymne's Basic Armour.
Found a shimmering altar of Xom and an iron altar of Okawaru.
Found Vaocuc's Miscellaneous Merchandise.
Found Giny's Premium Goods.
Found a viscous altar of Jiyva and an opulent altar of Gozag.
You feel yourself speed up.
There is an entrance to Saezou's Weapon Rack here.
There is an entrance to Ymne's Basic Armour here.
You feel less exhausted.
There is an entrance to Vaocuc's Miscellaneous Merchandise here.
There is an entrance to Giny's Premium Goods here.
A worker ant comes into view.
Found a sacrificial altar of Ru.
The worker ant twitches its antennae in your direction.
A red film seems to cover your vision as you go berserk!
You feel yourself moving faster!
You feel mighty!
You feel a lot more hungry. The worker ant barely misses you.
You now have 33/37 hp.
You barely miss the worker ant. The worker ant bites you.
You are poisoned.
The worker ant poisons you!
You take 5 damage, and have 28/37 hp.
You closely miss the worker ant.
You feel sick. The worker ant misses you.
You take 1 damage, and have 27/37 hp.
You sock the worker ant!
You feel sick.
A soldier ant comes into view.
You take 1 damage, and have 26/37 hp.
The soldier ant twitches its antennae in your direction.
You sock the worker ant!
You kill the worker ant!
Trog accepts your kill.
Your Maces & Flails skill increases to level 4!
You have reached level 3!
Your experience leads to an increase in your attributes!
Your base attributes are Str 17, Int 8, Dex 12.
Increase (S)trength, (I)ntelligence, or (D)exterity?
You feel stronger.
You regained 7 hp, and now have 33/46 hp.
MP restored: 3 You are too berserk!
You feel sick.
Found a shadowy altar of Dithmenos and a hide-covered altar of Uskayaw.
You take 1 damage, and have 32/46 hp.
You feel a strong urge to attack something.
You barely miss the soldier ant.
You feel sick. The soldier ant stings you.
You are more poisoned.
The soldier ant poisons you!
You take 2 damage, and have 30/46 hp.
You barely miss the soldier ant.
You feel sick. The soldier ant misses you.
You take 1 damage, and have 29/46 hp.
You hit the soldier ant but do no damage.
You are no longer berserk.
You are exhausted.
You feel yourself slow down.
You feel sick. The soldier ant barely misses you.
You now have 20/31 hp.
You feel better. The soldier ant stings you!
You are lethally poisoned!
The soldier ant poisons you!
You take 7 damage, and have 13/31 hp.
MASSIVE DAMAGE!!
You feel yourself speed up.
You feel very sick. The soldier ant stings you.
* * * LOW HITPOINT WARNING * * *
You are more poisoned.
The soldier ant poisons you! The soldier ant stings you!
You die...

__......###......_._∩##
......8.# #.8........∩##
.........###.............
......###...###..........
...... #.<.# #..........
......###...###..........
.........###.............
.......8a# #.8........∩##
___.....@###......___∩##
###.8.........8.######
#⌠...........⌠#
###.........###
#........_# #_......._#
#_......._# #∩.......∩#
##∩.....∩##


You could see a soldier ant.

Vanquished Creatures
  2 worker ants (D)
2 creatures vanquished.

Notes
Turn   | Place    | Note
-------+----------+-------------------------------------------
     0 | D        | esc the Demonspawn Berserker began the quest for the Orb.
     0 | D        | Reached XP level 1. HP: 18/18 MP: 1/1
     1 | D        | Found a blossoming altar of Fedhas.
     1 | D        | Found a deep blue altar of Sif Muna.
     2 | D        | Found an ancient bone altar of Kikubaaqudgha.
     2 | D        | Found a bloodstained altar of Trog.
     3 | D        | Found a snail-covered altar of Cheibriados.
     3 | D        | Found a glowing golden altar of the Shining One.
     4 | D        | Found a burning altar of Makhleb.
     4 | D        | Found Huosar's Magic Scroll Shop.
     4 | D        | Found Ifanutalo's Staff Store.
     5 | D        | Found Wuhuimp's Magic Scroll Shop.
     5 | D        | Found Hatritt's Must-Have Magic.
     5 | D        | Round 1.
     7 | D        | Found a stormy altar of Qazlal.
    10 | D        | Found a corrupted altar of Lugonu.
    10 | D        | Found a radiant altar of Vehumet.
    11 | D        | Noticed a worker ant
    11 | D        | Found Kanemoj's Distillery.
    11 | D        | Found a glowing silver altar of Zin.
    11 | D        | Found a basalt altar of Yredelemnul.
    11 | D        | Found Wugg's Do-It-Yourself Clinic.
    12 | D        | Found Soodghith's Distillery.
    12 | D        | Found Xenkiuc's Bottled Wisdom.
    17 | D        | Killed a worker ant
    17 | D        | Reached skill level 4 in Fighting
    17 | D        | Reached skill level 3 in Maces & Flails
    17 | D        | Reached skill level 3 in Armour
    17 | D        | Reached skill level 3 in Dodging
    17 | D        | Gained mutation: You have a pair of small antennae on your head. [demonic ancestry]
    17 | D        | Reached XP level 2. HP: 25/25 MP: 2/2
    36 | D        | Found a roughly hewn altar of Beogh.
    39 | D        | Found a shimmering altar of Xom.
    39 | D        | Found an iron altar of Okawaru.
    39 | D        | Found Saezou's Weapon Rack.
    39 | D        | Found Ymne's Basic Armour.
    40 | D        | Found Vaocuc's Miscellaneous Merchandise.
    41 | D        | Found a viscous altar of Jiyva.
    41 | D        | Found an opulent altar of Gozag.
    41 | D        | Found Giny's Premium Goods.
    57 | D        | Found a sacrificial altar of Ru.
    64 | D        | Noticed a soldier ant
    64 | D        | Reached skill level 4 in Maces & Flails
    64 | D        | Reached XP level 3. HP: 31/31 MP: 3/3
    65 | D        | Found a shadowy altar of Dithmenos.
    65 | D        | Found a hide-covered altar of Uskayaw.
    72 | D        | HP: 7/31 [soldier ant (3)]
    72 | D        | Slain by a soldier ant

Vault maps used:
D:        arena_sprint

Skill      XL: |  1  2 |
---------------+-------+-----
Fighting       | 4 |  4.4
Maces & Flails | 3 4 |  4.2
Armour         | 3 |  3.5
Dodging        | 3 |  3.6

Action                   || total
-------------------------++-------
Melee: Mace              ||    10
Invok: Berserk           ||     2
  Use: Potion            ||     2
Dodge: Dodged            ||     4

Vault maps used:
D:        arena_sprint

Table legend:
 A = Turns spent in this place as a percentage of turns spent in the entire game.
 B = Non-inter-level travel turns spent in this place as a percentage of non-inter-level travel turns spent in the entire game.
 C = Inter-level travel turns spent in this place as a percentage of turns spent in this place.
 D = Turns resting spent in this place as a percentage of non-inter-level travel turns spent in this place.
 E = Turns spent auto-exploring this place as a percentage of non-inter-level travel turns spent in this place.
 F = Non-inter-level travel turns spent in this place divided by the number of levels of this place that you've seen.
                   A       B       C       D       E      F
               +-------+-------+-------+-------+-------+----------------------
         Total | 100.0 | 100.0 |   0.0 |   0.0 |   0.0 |  83.0
       Dungeon | 100.0 | 100.0 |   0.0 |   0.0 |   0.0 |  83.0
               +-------+-------+-------+-------+-------+----------------------

Table legend:
 A = Kills in this place as a percentage of kills in entire the game.
 B = Kills by you in this place as a percentage of kills by you in the entire game.
 C = Kills by friends in this place as a percentage of kills by friends in the entire game.
 D = Other kills in this place as a percentage of other kills in the entire game.
 E = Experience gained in this place as a percentage of experience gained in the entire game.
 F = Experience gained in this place divided by the number of levels of this place that you have seen.
                   A       B       C       D       E      F
               +-------+-------+-------+-------+-------+----------------------
         Total | 100.0 | 100.0 |  -nan |  -nan | 100.0 |  68.0
       Dungeon | 100.0 | 100.0 |  -nan |  -nan | 100.0 |  68.0
               +-------+-------+-------+-------+-------+----------------------
